Map: 勒瑞萊克山巔

Players

Nice - Winner!

  • Race: Protoss Protoss
  • League: Grandmaster

Fist

  • Race: Zerg Zerg
  • League: Diamond

Event: 2016 WCS Winter Challenger Taiwan

VOD

Have the link to the VOD?

Description

Time

  • Played on: Jan. 7, 2016, 4:21 a.m.
  • Length: 12:28

All games in this series

Show
View Real Time Build Order
Export as new Build Order

Nice Protoss - Winner!

Build Orders: Oracle Opening, Mass Adepts 

Get SALT Encoding   

  12  0:01  Probe (Chrono Boost)  
  13  0:12  Probe (Chrono Boost)  
  14  0:18  Pylon  
  14  0:22  Probe (Chrono Boost)  
  15  0:36  Probe (Chrono Boost)  
  15  0:39  Gateway  
  16  0:47  Probe (Chrono Boost)  
  17  0:50  Assimilator  
  17  0:55  Assimilator  
  17  0:57  Probe (Chrono Boost)  
  18  1:08  Probe (Chrono Boost)  
  19  1:11  Gateway  
  19  1:19  Probe (Chrono Boost)  
  20  1:28  Cybernetics Core  
  20  1:29  Probe (Chrono Boost)  
  21  1:39  Pylon  
  22  1:40  Probe (Chrono Boost)  
  22  1:51  Probe (Chrono Boost)  
  23  2:04  Adept (Chrono Boost)  
  23  2:06  Warp Gate  
  23  2:07  Adept (Chrono Boost)  
  27  2:16  Stargate  
  27  2:27  Pylon  
  29  2:31  Adept x2 (Chrono Boost)  
  31  2:55  Adept (Chrono Boost)  
  31  2:56  Mothership Core  
  37  2:58  Adept (Chrono Boost)  
  36  3:17  Probe  
  37  3:29  Probe  
  37  3:30  Oracle (Chrono Boost)  
  37  3:38  Nexus  
  37  3:40  Pylon  
  37  3:41  Probe  
  38  3:59  Probe  
  41  4:06  Oracle (Chrono Boost)  
  42  4:11  Probe (Chrono Boost)  
  42  4:14  Adept  
  42  4:15  Adept  
  47  4:27  Pylon  
  47  4:45  Probe  
  46  4:49  Probe  
  45  4:57  Probe  
  45  4:58  Adept x2  
  50  5:00  Probe  
  43  5:09  Probe  
  43  5:10  Probe  
  45  5:19  Robotics Facility  
  45  5:20  Gateway  
  45  5:21  Probe x2 (Chrono Boost)  
  45  5:24  Pylon  
  47  5:31  Sentry  
  47  5:32  Adept  
  47  5:33  Probe x2 (Chrono Boost)  
  53  5:43  Probe (Chrono Boost)  
  53  5:44  Probe (Chrono Boost), Pylon  
  55  5:54  Probe x2 (Chrono Boost), Void Ray  
  55  5:55  Adept  
  63  6:03  Adept  
  65  6:04  Probe (Chrono Boost)  
  65  6:05  Probe (Chrono Boost)  
  61  6:12  Warp Prism (Chrono Boost)  
  61  6:13  Probe  
  61  6:15  Probe  
  65  6:19  Robotics Bay  
  65  6:20  Adept  
  65  6:22  Adept  
  65  6:25  Adept  
  71  6:33  Assimilator  
  71  6:37  Assimilator  
  71  6:43  Adept x2  
  71  6:46  Pylon  
  76  6:54  Observer (Chrono Boost)  
  76  7:13  Probe, Adept x3  
  76  7:15  Probe  
  74  7:23  Probe  
  74  7:27  Probe, Disruptor (Chrono Boost)  
  79  7:32  Pylon  
  79  7:33  Pylon  
  79  7:39  Adept x3  
  79  7:41  Nexus  
  79  7:43  Pylon  
  79  7:52  Probe  
  79  7:53  Probe  
  79  7:54  Disruptor (Chrono Boost)  
  79  7:58  Gravitic Drive (Chrono Boost)  
  74  8:24  Disruptor  
  74  8:26  Stalker  
  74  8:27  Stalker x2  
  70  8:33  Twilight Council  
  75  8:34  Gateway  
  75  8:36  Gateway  
  75  8:38  Gateway  
  75  8:39  Forge  
  75  8:41  Probe x2  
  76  8:47  Pylon  
  77  8:48  Pylon  
  77  8:53  Probe  
  77  8:55  Disruptor  
  78  9:00  Probe  
  78  9:01  Probe  
  83  9:06  Stalker  
  85  9:11  Stalker, Zealot  
  85  9:16  Probe x2  
  91  9:18  Assimilator  
  91  9:23  Assimilator  
  91  9:25  Blink (Chrono Boost)  
  91  9:30  Disruptor  
  94  9:35  Protoss Ground Weapons Level 1 (Chrono Boost)  
  94  9:36  Probe x2  
  96  9:39  Pylon  
  96  9:40  Pylon  
  96  9:42  Photon Cannon  
  96  9:46  Pylon  
  96  9:52  Adept x3  
  100  10:08  Disruptor  
  100  10:12  Stalker x5  
  109  10:21  Gateway  
  109  10:23  Gateway  
  109  10:34  Stalker  
  111  10:36  Stalker x4  
  115  10:51  Disruptor  
  115  10:55  Stalker  
  110  10:59  Stalker x4  
  112  11:18  Stalker x2  
  99  11:27  Stalker x4  
  99  11:29  Probe x2  
  99  11:31  Mothership Core  
  99  11:32  Gateway  
  100  11:56  Stalker x4  
  100  11:57  Stalker x3  
  100  11:58  Stalker  
Show
View Real Time Build Order
Export as new Build Order

Fist Zerg 

Build Orders: Hatch First 

Get SALT Encoding   

  12  0:01  Drone  
  13  0:14  Overlord  
  13  0:18  Drone  
  14  0:32  Drone x2  
  16  0:38  Drone  
  17  0:55  Hatchery  
  16  0:58  Drone  
  16  1:02  Drone  
  18  1:12  Extractor  
  17  1:19  Spawning Pool, Drone  
  17  1:22  Drone  
  18  1:31  Drone  
  19  1:45  Overlord  
  19  1:52  Drone  
  20  2:06  Queen  
  20  2:07  Zergling x2  
  20  2:08  Zergling x2, Queen  
  24  2:13  Metabolic Boost  
  24  2:14  Drone  
  27  2:19  Drone  
  28  2:23  Drone  
  29  2:32  Drone  
  29  2:35  Drone  
  31  2:43  Zergling x2  
  32  2:44  Queen  
  33  2:59  Zergling x6  
  35  3:09  Overlord x2  
  33  3:23  Drone x2  
  33  3:24  Overlord, Drone  
  34  3:32  Spore Crawler  
  32  3:36  Drone x4  
  32  3:37  Drone  
  37  3:47  Drone  
  38  3:57  Zergling x4  
  38  4:00  Spore Crawler x2  
  38  4:04  Drone x5  
  43  4:13  Overlord, Drone  
  43  4:14  Drone  
  45  4:23  Overlord  
  45  4:24  Drone  
  46  4:32  Spine Crawler  
  46  4:36  Zergling x10  
  46  4:51  Zergling x8  
  44  4:58  Drone  
  40  5:15  Drone x5  
  40  5:16  Queen  
  40  5:17  Hatchery  
  40  5:20  Extractor  
  45  5:23  Drone  
  45  5:29  Drone  
  45  5:30  Drone  
  45  5:33  Drone  
  45  5:34  Drone x2  
  50  5:46  Drone x2  
  50  5:49  Lair  
  50  6:01  Extractor  
  50  6:02  Extractor  
  48  6:07  Zergling x2  
  48  6:08  Zergling x10  
  54  6:18  Overlord  
  54  6:22  Roach Warren  
  54  6:25  Drone x3  
  54  6:26  Drone x6  
  60  6:43  Zergling x8  
  64  6:56  Hydralisk Den  
  62  7:14  Roach x7  
  62  7:15  Roach x6  
  72  7:29  Hydralisk x3  
  69  7:30  Queen  
  75  7:44  Hydralisk  
  75  7:45  Hydralisk x2  
  79  7:59  Overlord  
  73  8:13  Drone x4  
  73  8:14  Drone x5  
  79  8:27  Overlord  
  79  8:29  Roach x4  
  79  8:33  Glial Reconstitution  
  87  8:34  Muscular Augments  
  87  8:46  Drone  
  87  8:47  Drone x4  
  82  9:03  Drone  
  82  9:04  Drone x7  
  82  9:06  Extractor x2  
  88  9:10  Spire  
  88  9:15  Zergling x6  
  82  9:34  Hydralisk x2  
  82  9:35  Hydralisk x3  
  92  9:39  Queen  
  94  9:51  Hydralisk  
  94  9:52  Hydralisk  
  98  9:53  Overlord  
  98  9:54  Overlord x2  
  93  10:11  Hydralisk x8  
  106  10:34  Drone x3  
  109  10:39  Roach x6  
  103  10:53  Roach x5  
  103  10:54  Roach x3  
  105  10:58  Roach  
  105  10:59  Roach  
  83  11:11  Roach  
  83  11:12  Roach x5  
  81  11:28  Roach  
  81  11:29  Roach x2  
  81  11:32  Hydralisk  
  87  11:35  Ravager x3  
  90  11:41  Hydralisk x2  
  77  11:55  Hydralisk x2  
  81  12:08  Hatchery  
Tags
 
Add a new tag
Caveats
  • Supply blocks, unpowered buildings, or Contaminate may cause inaccurate times.
  • Supply counts are checked every 10 seconds.